 Dungeon Crawl Stone Soup version 0.27.0-1-g7a089689b8 (webtiles) character file.

Game seed: 9395776998351008357

40 shadowrider38 the Shield-Bearer (level 3, -2/33 HPs)
             Began as a Minotaur Fighter on Aug 10, 2021.
             Slain by Sigmund (10 damage)
             ... on level 2 of the Dungeon.
             The game lasted 00:01:16 (864 turns).

shadowrider38 the Shield-Bearer (Minotaur Fighter)   Turns: 864, Time: 00:01:16

Health: -2/33      AC:  7    Str: 21    XL:     3   Next: 30%
Magic:  2/2        EV:  7    Int:  5    God:
Gold:   55         SH:  9    Dex:  9    Spells: 2/2 levels left

rFire    . . .     SeeInvis .   a - +0 war axe
rCold    . . .     Faith    .   c - +0 kite shield
rNeg     . . .     Spirit   .   b - +0 scale mail
rPois    .         Reflect  .   (helmet restricted)
rElec    .         Harm     .   (no cloak)
rCorr    .         Rampage  .   (no gloves)
Will     .....                  (no boots)
Stlth    ..........             (no amulet)
HPRegen  0.11/turn              (no ring)
MPRegen  0.08/turn              (no ring)

@: mighty, lethally poisoned (-2 -> -8)
A: horns 2, retaliatory headbutt
a: no special abilities


You were on level 2 of the Dungeon.
You visited 1 branch of the dungeon, and saw 2 of its levels.

You collected 55 gold pieces.

Inventory:

Hand Weapons
 a - a +0 war axe (weapon)
Armour
 b - a +0 scale mail (worn)
 c - a +0 kite shield (worn)
Scrolls
 e - a scroll of teleportation {unknown}
 g - 2 scrolls of identify {unknown}
 h - a scroll of fog {unknown}
Potions
 f - a potion of haste {unknown}


   Skills:
 - Level 3.9 Fighting
 + Level 3.7 Axes
 - Level 3.9 Armour
 - Level 4.0 Shields


You had 2 spell levels left.
You didn't know any spells.
Your spell library contained the following spells:

 Spells                   Type           Power      Damage    Failure   Level
 Animate Skeleton         Necr           0%         N/A       99%         1
 Apportation              Tloc           0%         N/A       99%         1
 Corona                   Hex            0%         N/A       99%         1
 Shock                    Conj/Air       0%         1d3       99%         1
 Summon Small Mammal      Summ           0%         N/A       99%         1
 Swiftness                Air            0%         N/A       100%        3
 Airstrike                Air            0%         N/A       100%        4


Dungeon Overview and Level Annotations

Branches:
Dungeon (2/15)

Altars:

Annotations:
D:2 Sigmund


Innate Abilities, Weirdness & Mutations

You have a pair of horns on your head.
You reflexively headbutt those who attack you in melee.


Message History

You kill the endoplasm!
No target in view!
No target in view!
No target in view!
An adder and Sigmund come into view.
Sigmund is wielding a +1 scythe of venom.
The adder hisses angrily.
You hear a shout!
Sigmund moves out of view.
An adder is nearby!
An adder is nearby!
An adder is nearby!
A goblin comes into view. It is wielding a +0 dagger.
Found a stone staircase leading down.
Sigmund points at you and mumbles some strange words.
You are confused.
Sigmund hits you from afar with a +1 scythe of venom.
Sorry, you're not good enough to have a special ability.
Unknown command.
You're too confused to move!
The adder bites you but does no damage. Sigmund hits you but does no damage.
You are poisoned.
The adder closely misses you.
You bump into the rock wall.
You feel very sick. Sigmund barely misses you.
The adder bites you but does no damage.
You barely miss the adder. Your headbutt misses the adder.
You feel sick. The adder bites you but does no damage.
Sigmund hits you from afar with a +1 scythe of venom!
You are more poisoned.
The adder barely misses you. Sigmund says, "I'm your fate."
Sigmund closely misses you.
Sorry, you're not good enough to have a special ability.
You feel less confused.
You feel very sick.
You feel very mighty all of a sudden.
You feel sick. The adder bites you.
* * * LOW HITPOINT WARNING * * *
Sigmund hits you from afar with a +1 scythe of venom!
You die...

#.# #.# ### #.#
#.. #<# #.# #.#
#.# #.# #.# #.#
#.#
####.####.#####.#
#........@.......
#########S####...
#@# .g# ...#
....# ......
####>.. ##..


You could see Sigmund, an adder and a goblin.

Vanquished Creatures
  3 dart slugs (D:1)
  2 ball pythons (D:1)
  4 bats (D:1)
  3 endoplasms
  A giant cockroach (D:1)
  A goblin (D:1)
  5 hobgoblins (D:1)
  4 jackals (D:1)
  A quokka (D:1)
  2 kobolds (D:1)
  3 rats (D:1)
29 creatures vanquished.

Notes
Turn   | Place    | Note
-------+----------+-------------------------------------------
     0 | D:1      | shadowrider38 the Minotaur Fighter began the quest for the
                  | Orb.
     0 | D:1      | Reached XP level 1. HP: 19/19 MP: 0/0
   198 | D:1      | Reached XP level 2. HP: 27/27 MP: 1/1
   280 | D:1      | Reached skill level 4 in Shields
   443 | D:1      | Reached XP level 3. HP: 33/33 MP: 2/2
   856 | D:2      | Noticed Sigmund
   864 | D:2      | Slain by Sigmund

Illustrated notes

Levels and vault maps discovered:
D:1:      scummos_arrival_simple_crosswalls, layout_basic, serial_glass,
          glass_columns_a, glass_columns_a
D:2:      layout_basic, minmay_joined_circles, uniq_natasha, uniq_terence,
          uniq_sigmund

Skill      XL: |  1  2 |
---------------+-------+-----
Shields        | 4 |  4.0
Axes           | 3 |  3.7
Fighting       | |  3.9
Armour         | |  3.9

Action                   || total
-------------------------++-------
Melee: War axe           ||    71
       Headbutt          ||     7
  Use: Potion            ||     1
Armor: Scale mail        ||    45
Dodge: Dodged            ||    37
Block: Kite shield       ||    52
